[Event "fics rated crazyhouse match"]
[Site "fics, Oklahoma City, OK USA"]
[Date "2000.02.13"]
[White "XXNoWay"]
[WhiteElo "2371"]
[Black "venomous"]
[BlackElo "2381"]
[TimeControl "60+0"]
[Result "1-0"]

1. e4 e6 2. Nc3 d6 3. Nf3 Nf6 4. d4 Nc6 5. Bd3 Be7 6. O-O 
e5 7. d5 Nb4 8. Bb5+ Bd7 9. Bxd7+ Qxd7 10. B@a4 c6 11. dxc6 bxc6 
12. a3 Na6 13. P@d5 P@b7 14. dxc6 bxc6 15. P@b5 cxb5 16. Bxb5 Qxb5 17. Nxb5 
B@c6 18. Nxd6+ Bxd6 19. Qxd6 N@e7 20. Qxe7+ Kxe7 21. N@f5+ Kf8 22. B@e7+ Ke8 
23. Bxf6 Q@d7 24. Nxg7+ Kf8 25. P@e7# 
{venomous resigns} 1-0

[Event "fics rated crazyhouse match"]
[Site "fics, Oklahoma City, OK USA"]
[Date "2000.02.13"]
[White "venomous"]
[WhiteElo "2373"]
[Black "XXNoWay"]
[BlackElo "2379"]
[TimeControl "60+0"]
[Result "0-1"]

1. e4 e5 2. Nf3 Nc6 3. Bc4 d6 4. O-O Bg4 5. Nc3 Be7 6. d3 
Nf6 7. Be3 O-O 8. Nd5 Nxd5 9. exd5 Bxf3 10. Qxf3 N@d4 11. Bxd4 Nxd4 
12. Qd1 B@e2 13. Qe1 Bxf1 14. Qxf1 b5 15. N@c6 Qd7 16. Nxe7+ Qxe7 17. N@c6 
Nxc6 18. Bxb5 Nd4 19. Bc6 N@e2+ 20. Kh1 R@g1+ 21. Qxg1 Nxg1 22. Rxg1 N@g4 
23. B@g3 Ne2 24. Bxa8 Nxg3+ 25. hxg3 Q@h2# 
{venomous checkmated} 0-1

[Event "fics rated crazyhouse match"]
[Site "fics, Oklahoma City, OK USA"]
[Date "2000.02.13"]
[White "XXNoWay"]
[WhiteElo "2387"]
[Black "venomous"]
[BlackElo "2365"]
[TimeControl "60+0"]
[Result "0-1"]

1. e4 e6 2. Nc3 d5 3. Nf3 dxe4 4. Nxe4 Nc6 5. Bb5 Nf6 6. Nxf6+ 
gxf6 7. d4 Rg8 8. P@g3 Bb4+ 9. c3 Be7 10. Bxc6+ bxc6 11. N@h6 Rg7 
12. N@h5 Rg6 13. Nh4 Ba6 14. Nxg6 hxg6 15. Ng7+ Kd7 16. R@e2 Bxe2 17. Qxe2 
B@b5 18. c4 P@d3 19. Qxd3 N@b4 20. Qe2 N@d3+ 21. Kf1 Bxc4 22. B@e4 Nxc1 
23. Qxc4 R@d1+ 24. B@e1 P@d2 25. Rxc1 dxe1=Q# 
{XXNoWay checkmated} 0-1

[Event "fics rated crazyhouse match"]
[Site "fics, Oklahoma City, OK USA"]
[Date "2000.02.13"]
[White "venomous"]
[WhiteElo "2374"]
[Black "XXNoWay"]
[BlackElo "2378"]
[TimeControl "60+0"]
[Result "1-0"]

1. e4 e5 2. Bc4 Nc6 3. Nf3 d6 4. h3 Be7 5. O-O Nf6 6. c3 
O-O 7. d4 exd4 8. cxd4 Nxe4 9. Re1 d5 10. Bxd5 Qxd5 11. P@c4 Qxc4 
12. Rxe4 B@d5 13. Rxe7 Nxe7 14. N@e3 P@e2 15. Qd2 R@d1+ 16. Nxd1 exd1=Q+ 17. Qxd1 
P@e2 18. Qe1 N@c2 19. P@f6 Nxe1 20. Nxe1 Q@f1+ 21. Kh2 Qxe1 22. R@h8+ Kxh8 
23. fxg7+ Kxg7 24. P@h6+ Kf6 25. P@g5+ Ke6 26. B@g4+ Kd6 27. Bf4+ Kc6 28. N@e5+ 
Kb5 29. Na3+ Ka6 30. Rxe1 N@f1+ 31. Kg1 P@h2+ 32. Bxh2 Nxh2 33. Naxc4 R@f1+ 
34. Kxh2 B@g1+ 35. Kg3 P@f4+ 36. Kxf4 Bxc4 37. Nxc4 N@g6+ 38. Ke3 Nd5+ 39. Kxe2 
Rxe1+ 40. Kxe1 R@c1+ 41. Kd2 Rxc4 42. Q@a5+ Kxa5 43. Q@c5# 
{XXNoWay forfeits on time} 1-0

[Event "fics rated crazyhouse match"]
[Site "fics, Oklahoma City, OK USA"]
[Date "2000.02.13"]
[White "XXNoWay"]
[WhiteElo "2370"]
[Black "venomous"]
[BlackElo "2382"]
[TimeControl "60+0"]
[Result "0-1"]

1. e4 e6 2. Nc3 Nc6 3. Nf3 Nf6 4. Bb5 Bb4 5. d3 O-O 6. O-O 
d5 7. e5 Ng4 8. Bxc6 bxc6 9. h3 Nxf2 10. Rxf2 B@b6 11. d4 c5 
12. dxc5 B4xc5 13. P@d4 P@e4 14. dxc5 Bxc5 15. Nd4 Bxd4 16. Qxd4 P@g3 17. Rf1 
N@f2 18. Rxf2 gxf2+ 19. Qxf2 R@f5 20. P@f4 d4 21. Nxe4 Bb7 22. B@f3 Bxe4 
23. Bxe4 P@e3 24. Qe2 Rxf4 25. P@f3 Rxe4 26. fxe4 P@f2+ 27. Kh2 B@g1+ 28. Kg3 
Qg5+ 29. B@g4 Qxe5+ 30. B@f4 Bh2+ 31. Kxh2 Qxf4+ 32. B@g3 f1=N+ 33. Qxf1 Qxf1 
34. N@h6+ gxh6 35. R@g7+ Kh8 36. Rxh7+ Kxh7 37. N@h5 Q@h1# 
{XXNoWay checkmated} 0-1

[Event "fics rated crazyhouse match"]
[Site "fics, Oklahoma City, OK USA"]
[Date "2000.02.13"]
[White "venomous"]
[WhiteElo "2390"]
[Black "XXNoWay"]
[BlackElo "2362"]
[TimeControl "60+0"]
[Result "0-1"]

1. e4 e5 2. Bc4 Nc6 3. Nf3 Bc5 4. O-O Nf6 5. c3 d6 6. d4 
exd4 7. cxd4 Bxd4 8. Nxd4 Nxd4 9. Qxd4 Be6 10. Bxe6 N@e2+ 11. Kh1 Nxd4 
12. Bxf7+ Kxf7 13. N@g5+ Kf8 14. Be3 P@f3 15. B@h3 fxg2+ 16. Bxg2 P@f3 17. Nxf3 
Nxf3 18. Bxf3 P@g4 19. N@e6+ Ke7 20. Nxd8 gxf3 21. Q@f7+ Kxd8 22. P@e7+ Kc8 
23. B@h3+ Kb8 24. Qxg7 B@g2+ 25. Bxg2 fxg2+ 26. Qxg2 B@d7 27. P@g7 Rc8 28. P@f7 
B@h3 29. B@f3 Bxg2+ 30. Bxg2 Q@h3 31. g8=Q Qxg2+ 32. Qxg2 B@h3 33. B@f3 Bxg2+ 
34. Bxg2 P@h3 35. B@f3 hxg2+ 36. Bxg2 B@h3 37. Bxh3 Bxh3 38. B@f3 B@g2+ 39. Bxg2 
Bxg2+ 40. Kxg2 N@h4+ 41. Kg3 Q@g2+ 42. Kf4 Qg4# 
{venomous checkmated} 0-1

[Event "fics rated crazyhouse match"]
[Site "fics, Oklahoma City, OK USA"]
[Date "2000.02.13"]
[White "XXNoWay"]
[WhiteElo "2371"]
[Black "venomous"]
[BlackElo "2381"]
[TimeControl "60+0"]
[Result "1-0"]

1. e4 e6 2. Nc3 Nc6 3. Nf3 Bb4 4. Bb5 Nf6 5. d3 O-O 6. O-O 
d5 7. Bg5 Bxc3 8. bxc3 dxe4 9. dxe4 Qxd1 10. Raxd1 Nxe4 11. Bxc6 Nxg5 
12. Nxg5 P@e2 13. N@h6+ gxh6 14. N@f6+ Kh8 15. P@g7+ Kxg7 16. Nh5+ Kg6 17. Q@g7+ 
Kxh5 18. Bf3+ P@g4 19. Bxg4+ Kxg4 20. B@h3+ Kf4 21. P@g3# 
{venomous checkmated} 1-0

[Event "fics rated crazyhouse match"]
[Site "fics, Oklahoma City, OK USA"]
[Date "2000.02.13"]
[White "venomous"]
[WhiteElo "2373"]
[Black "XXNoWay"]
[BlackElo "2379"]
[TimeControl "60+0"]
[Result "1-0"]

1. e4 e5 2. Bc4 Nc6 3. Nf3 Be7 4. O-O d6 5. c3 Bg4 6. h3 
Bxf3 7. Qxf3 Nf6 8. d4 exd4 9. B@d5 N@e5 10. Bxf7+ Kf8 11. Qg3 P@d7 
12. cxd4 Nxf7 13. Bxf7 Kxf7 14. N@g5+ Kf8 15. e5 dxe5 16. dxe5 Nxe5 17. Qxe5 
B@d6 18. N@e6+ dxe6 19. Nxe6+ Ke8 20. P@f7+ Kd7 21. Nxd8 Bxe5 22. Rd1+ P@d6 
23. Nxb7 P@h2+ 24. Kh1 Q@g1+ 25. Rxg1 hxg1=Q+ 26. Kxg1 B@h2+ 27. Kf1 R@d1+ 28. Ke2 
Rxc1 29. Q@a4+ B@c6 30. Nc3 Bxa4 31. P@e6+ Kxe6 32. P@f5+ Kxf7 33. Q@e6+ Ke8 
34. Rxc1 N@d4+ 35. Kd2 Nxe6 36. P@f7+ Kf8 37. R@g8+ Rxg8 38. fxg8=Q+ Nxg8 39. P@f7 
Q@d4+ 40. R@d3 Qxf2+ 41. P@e2 Q@e3+ 42. Rxe3 Qxe3+ 43. Kxe3 Bhf4+ 44. Kf3 R@f1+ 
45. Ke4 R@g3 46. Kd5 
{XXNoWay forfeits on time} 1-0

[Event "fics rated crazyhouse match"]
[Site "fics, Oklahoma City, OK USA"]
[Date "2000.02.13"]
[White "XXNoWay"]
[WhiteElo "2371"]
[Black "venomous"]
[BlackElo "2381"]
[TimeControl "60+0"]
[Result "0-1"]

1. e4 e6 2. Nc3 Nf6 3. Nf3 Bd6 4. e5 Bxe5 5. Nxe5 O-O 6. d4 
d6 7. Nf3 Nc6 8. Bg5 P@e7 9. B@h4 Bd7 10. Bxf6 exf6 11. Bd3 e5 
12. dxe5 dxe5 13. P@d5 Nd4 14. Nxe5 Re8 15. O-O Rxe5 16. P@f4 Re8 17. Bxh7+ 
Kxh7 18. Qxd4 P@h3 19. Qd3+ B@f5 20. P@e4 hxg2 21. exf5 gxf1=Q+ 22. Qxf1 N@f3+ 
23. Kh1 Nxh4 24. B@g3 B@f3+ 25. P@g2 Nxg2 26. Qxg2 Bxg2+ 27. Kxg2 B@f3+ 28. Kxf3 
P@g4+ 29. Kxg4 Bxf5+ 30. Kf3 P@g4+ 31. Kg2 P@f3# 
{XXNoWay resigns} 0-1

[Event "fics rated crazyhouse match"]
[Site "fics, Oklahoma City, OK USA"]
[Date "2000.02.13"]
[White "venomous"]
[WhiteElo "2389"]
[Black "XXNoWay"]
[BlackElo "2363"]
[TimeControl "60+0"]
[Result "1-0"]

1. e4 e5 2. Bc4 Nc6 3. Nf3 Be7 4. O-O Nf6 5. Nc3 O-O 6. d3 
d6 7. h3 Be6 8. Be3 Bxc4 9. dxc4 B@d4 10. Bxd4 exd4 11. Nxd4 Nxd4 
12. Qxd4 B@e5 13. Qd1 Bxc3 14. bxc3 Nxe4 15. B@d4 P@e5 16. B@f5 Nf6 17. Be3 
N@e4 18. P@h6 Nxc3 19. Qd2 Nfe4 20. Bxe4 Nxe4 21. Qd3 B@f5 22. hxg7 P@g6 
23. N@h6+ Kxg7 24. Nxf5+ gxf5 25. P@h6+ Kg8 26. B@g7 Re8 27. B@d5 N@b4 28. Bxf7+ 
Kxf7 29. P@e6+ Kxe6 30. Qb3 P@c5 31. c3 N@a5 32. cxb4 Nxb3 33. axb3 P@e2 
34. bxc5 exf1=Q+ 35. Rxf1 B@e2 36. P@d5+ Kd7 37. c6+ bxc6 38. dxc6+ Kxc6 39. P@d5+ 
Kb7 40. P@c6+ Kc8 41. Bxe5 
{XXNoWay forfeits on time} 1-0

[Event "fics rated crazyhouse match"]
[Site "fics, Oklahoma City, OK USA"]
[Date "2000.02.13"]
[White "XXNoWay"]
[WhiteElo "2356"]
[Black "venomous"]
[BlackElo "2396"]
[TimeControl "60+0"]
[Result "0-1"]

1. e4 e6 2. Nc3 Nc6 3. Nf3 Bb4 4. Bb5 Nf6 5. d3 O-O 6. Bg5 
Be7 7. O-O d5 8. Bxc6 bxc6 9. e5 Ng4 10. Bxe7 Qxe7 11. h3 Nxf2 
12. Rxf2 P@g3 13. B@h4 gxf2+ 14. Kh1 R@g1+ 15. Qxg1 fxg1=Q+ 16. Rxg1 f6 17. exf6 
Rxf6 18. P@e5 Rxf3 19. Bxe7 N@f2# 
{XXNoWay resigns} 0-1

[Event "fics rated crazyhouse match"]
[Site "fics, Oklahoma City, OK USA"]
[Date "2000.02.13"]
[White "venomous"]
[WhiteElo "2403"]
[Black "XXNoWay"]
[BlackElo "2349"]
[TimeControl "60+0"]
[Result "0-1"]

1. e4 d6 2. d4 e6 3. Bd3 Nf6 4. Be3 Nc6 5. Nf3 Be7 6. O-O 
O-O 7. Nc3 Bd7 8. Qe2 e5 9. d5 Nb4 10. Rae1 Nxd3 11. cxd3 B@b4 
12. N@f5 Bxf5 13. exf5 Bxc3 14. bxc3 N@f4 15. Bxf4 exf4 16. Qxe7 Qxe7 17. Rxe7 
B@g4 18. Q@g5 Bxf3 19. N@h6+ Kh8 20. Nxf7+ Rxf7 21. Rxf7 N@h3+ 22. Kh1 Q@g1# 
{venomous resigns} 0-1

[Event "fics rated crazyhouse match"]
[Site "fics, Oklahoma City, OK USA"]
[Date "2000.02.13"]
[White "XXNoWay"]
[WhiteElo "2358"]
[Black "venomous"]
[BlackElo "2394"]
[TimeControl "60+0"]
[Result "1-0"]

1. e4 e6 2. Nc3 Nc6 3. Nf3 Bb4 4. Bb5 Nf6 5. e5 Nd5 6. O-O 
Bxc3 7. dxc3 d6 8. B@h4 Qd7 9. Bxc6 bxc6 10. N@h5 Rg8 11. c4 B@g4 
12. Nxg7+ Rxg7 13. cxd5 Bxf3 14. Qxf3 N@d4 15. Qf6 N@f3+ 16. Kh1 Nxh4 17. Qxg7 
B@e7 18. R@g8+ N@f8 19. N@f6+ Kd8 20. Nxd7 Bxd7 21. B@f6 Bxf6 22. Rxf8+ B@e8 
23. Qxf6+ Kc8 24. B@a6+ Kb8 25. Q@b7# 
{venomous checkmated} 1-0

[Event "fics rated crazyhouse match"]
[Site "fics, Oklahoma City, OK USA"]
[Date "2000.02.13"]
[White "LSS"]
[WhiteElo "2539"]
[Black "jiang"]
[BlackElo "1960"]
[TimeControl "180+0"]
[Result "1-0"]

1. e4 e5 2. Nf3 Nc6 3. Bc4 Bc5 4. d3 Nf6 5. Nc3 O-O 6. Bg5 
Bxf2+ 7. Kxf2 Ng4+ 8. Ke1 P@f6 9. Bd2 d6 10. Qe2 f5 11. exf5 Nd4 
12. Nxd4 exd4 13. Qxg4 dxc3 14. Bxc3 Qe7+ 15. N@e4 N@e5 16. N@h6+ Kh8 17. P@f6 
Qxf6 18. Nxf6 Nxg4 19. Nxf7+ Rxf7 20. Q@g8# 
{jiang checkmated} 1-0

[Event "fics rated crazyhouse match"]
[Site "fics, Oklahoma City, OK USA"]
[Date "2001.02.13"]
[White "Burgsvik"]
[WhiteElo "2190"]
[Black "JKiller"]
[BlackElo "2418"]
[TimeControl "120+0"]
[Result "0-1"]

1. e3 Nf6 2. b3 b6 3. Bb2 Bb7 4. Nf3 e6 5. d3 Nc6 6. Nbd2 
Ne7 7. Be2 Ng6 8. O-O Bb4 9. c3 Bd6 10. Re1 h5 11. Bf1 h4 
12. e4 Ng4 13. d4 Nxh2 14. Nxh2 Bxh2+ 15. Kxh2 P@g3+ 16. Kg1 gxf2+ 17. Kxf2 
P@g3+ 18. Kg1 N@f2 19. Qf3 Bxe4 20. Nxe4 P@h2# 
{Burgsvik checkmated} 0-1

[Event "fics rated crazyhouse match"]
[Site "fics, Oklahoma City, OK USA"]
[Date "2001.02.13"]
[White "JKiller"]
[WhiteElo "2421"]
[Black "Burgsvik"]
[BlackElo "2187"]
[TimeControl "120+0"]
[Result "1-0"]

1. e4 e6 2. d4 b6 3. Nc3 Bb7 4. d5 Bb4 5. dxe6 fxe6 6. Qd4 
Bxc3+ 7. bxc3 P@f6 8. B@h5+ N@f7 9. Nf3 Nc6 10. Bxf7+ Kxf7 11. Qd1 Nge7 
12. P@d5 Ne5 13. Nxe5+ fxe5 14. dxe6+ dxe6 15. N@g5+ Kf6 16. Qxd8 
{Burgsvik resigns} 1-0

[Event "fics rated crazyhouse match"]
[Site "fics, Oklahoma City, OK USA"]
[Date "2001.02.13"]
[White "Burgsvik"]
[WhiteElo "2184"]
[Black "JKiller"]
[BlackElo "2424"]
[TimeControl "120+0"]
[Result "0-1"]

1. e3 Nf6 2. b3 b6 3. Bb2 Bb7 4. Nf3 e6 5. Bb5 a6 6. Be2 
Nc6 7. d4 Ne7 8. Nbd2 Ng6 9. c4 Bd6 10. Rc1 Qe7 11. Bd3 Bb4 
12. O-O Bxd2 13. Nxd2 Bxg2 14. Kxg2 Nh4+ 15. Kg3 P@g2 16. Rg1 N@h1+ 17. Kxh4 
Ne4+ 18. Kg4 Nexf2+ 19. Kf3 Nxd1 20. Kxg2 Nxb2 21. Be4 B@d3 22. B@f3 Bxe4 
23. Bxe4 P@d5 24. Bf3 Nf2 25. Kxf2 Nd3+ 26. Ke2 Nxc1+ 27. Rxc1 B@e4 28. Bxe4 
dxe4 29. Nxe4 B@h5+ 30. P@f3 Q@g2+ 31. N@f2 Bxf3+ 32. Kd3 Bxe4+ 33. Nxe4 N@b4+ 
34. Kc3 Nxa2+ 35. Kd3 R@c3+ 36. Rxc3 Nb4# 
{Burgsvik checkmated} 0-1

[Event "fics rated crazyhouse match"]
[Site "fics, Oklahoma City, OK USA"]
[Date "2001.02.13"]
[White "JKiller"]
[WhiteElo "2427"]
[Black "Burgsvik"]
[BlackElo "2181"]
[TimeControl "120+0"]
[Result "1-0"]

1. e4 e6 2. d4 d5 3. e5 Nc6 4. Nh3 Be7 5. Be2 f5 6. O-O 
a6 7. Nf4 Nh6 8. Nh5 Rg8 9. Nxg7+ Rxg7 10. Bxh6 Rg6 11. Bh5 Kd7 
12. Bxg6 hxg6 13. R@f7 Qh8 14. N@f6+ Kd8 15. Bg7 Qh4 16. P@g3 Qg5 17. Nh7 
Qh5 18. Qxh5 gxh5 19. Bf6 B@e8 20. Rxe7 Nxe7 21. Bxe7+ Kxe7 22. B@f8+ Kd7 
23. Nf6# 
{Burgsvik resigns} 1-0

[Event "fics rated crazyhouse match"]
[Site "fics, Oklahoma City, OK USA"]
[Date "2001.02.13"]
[White "Burgsvik"]
[WhiteElo "2178"]
[Black "JKiller"]
[BlackElo "2430"]
[TimeControl "120+0"]
[Result "0-1"]

1. e3 Nf6 2. b3 b6 3. Bb2 Bb7 4. Nf3 e6 5. d4 Nc6 6. c4 
Ne7 7. Nc3 Ng6 8. Bd3 Bb4 9. a3 Bxc3+ 10. Bxc3 N@e4 11. Bb2 Qe7 
12. Bxe4 Nxe4 13. B@d3 B@h5 14. N@g3 Bxf3 15. gxf3 Nxg3 16. hxg3 N@g5 17. e4 
N@g2+ 18. Kf1 N2f4 19. gxf4 Nxf4 20. N@e3 Nxd3 21. Qxd3 Nxf3 22. B@g2 Ng5 
23. d5 P@f3 24. Bxf3 Nxf3 25. Bxg7 B@e5 26. Bxe5 Nxe5 27. Qc3 B@f6 28. N@h5 
B@f3 29. Rg1 Bxh5 30. B@d4 P@e2+ 31. Kg2 Bf3+ 32. Kh3 N@g4 33. Rxg4 Nxg4 
34. Nxg4 Bxg4+ 35. Kxg4 Bxd4 36. Qxd4 Rg8+ 37. Kf3 B@h5+ 38. Ke3 N@f1+ 39. Kd3 
e1=Q 40. Rxe1 R@d2+ 41. Kc3 Rxd4 42. Kxd4 Qf6# 
{Burgsvik forfeits on time} 0-1

[Event "fics rated crazyhouse match"]
[Site "fics, Oklahoma City, OK USA"]
[Date "2001.02.13"]
[White "JKiller"]
[WhiteElo "2433"]
[Black "Burgsvik"]
[BlackElo "2175"]
[TimeControl "120+0"]
[Result "1-0"]

1. e4 d5 2. exd5 Qxd5 3. Nc3 Qa5 4. Nf3 Bg4 5. Be2 Nf6 6. O-O 
h5 7. d4 c6 8. Ne5 Be6 9. P@g5 Nd5 10. Nxd5 Bxd5 11. Bxh5 Rxh5 
12. Qxh5 g6 13. R@c8+ B@d8 14. Qh8 N@e2+ 15. Kh1 Bxg2+ 16. Kxg2 Qd5+ 17. f3 
{Burgsvik resigns} 1-0

[Event "fics rated crazyhouse match"]
[Site "fics, Oklahoma City, OK USA"]
[Date "2001.02.13"]
[White "Burgsvik"]
[WhiteElo "2172"]
[Black "JKiller"]
[BlackElo "2436"]
[TimeControl "120+0"]
[Result "0-1"]

1. e3 Nf6 2. d4 b6 3. f4 Bb7 4. Nf3 e6 5. Be2 Nc6 6. O-O 
Ne7 7. c4 Nf5 8. Nc3 Ng4 9. e4 Nfe3 10. Bxe3 Nxe3 11. Qd3 Nxf1 
12. Rxf1 B@g6 13. N@e5 Bd6 14. Nxg6 hxg6 15. e5 Be7 16. B@e4 Bxe4 17. Nxe4 
N@f5 18. d5 R@e3 19. Qc2 B@c5 20. Nxc5 Bxc5 21. B@f2 N@g4 22. dxe6 fxe6 
23. P@f7+ Kf8 24. Bxe3 Bxe3+ 25. B@f2 Nxf2 26. R@e8+ Qxe8 27. fxe8=Q+ Rxe8 28. N@h1 
Nh3# 
{Burgsvik checkmated} 0-1

[Event "fics rated crazyhouse match"]
[Site "fics, Oklahoma City, OK USA"]
[Date "2001.02.13"]
[White "JKiller"]
[WhiteElo "2439"]
[Black "Burgsvik"]
[BlackElo "2169"]
[TimeControl "120+0"]
[Result "1-0"]

1. e4 e6 2. d4 Nf6 3. e5 Ne4 4. Nf3 d5 5. exd6 Bxd6 6. Bd3 
P@f5 7. O-O Nc6 8. c3 Bd7 9. Nbd2 Nxd2 10. Bxd2 f6 11. Re1 O-O 
12. P@c5 Be7 13. N@f4 e5 14. Bc4+ Kh8 15. dxe5 fxe5 16. Nxe5 Bxc5 17. Nfg6+ 
hxg6 18. Nxg6+ Kh7 19. Qh5+ P@h6 20. Nxf8+ Qxf8 21. P@g6+ Kh8 22. R@h7# 
{Burgsvik checkmated} 1-0

[Event "fics rated crazyhouse match"]
[Site "fics, Oklahoma City, OK USA"]
[Date "2001.02.13"]
[White "Burgsvik"]
[WhiteElo "2166"]
[Black "JKiller"]
[BlackElo "2442"]
[TimeControl "120+0"]
[Result "1-0"]

1. d4 Nf6 2. Nf3 b6 3. Nc3 Bb7 4. Bg5 h6 5. Bxf6 exf6 6. e3 
B@a5 7. Be2 Bxc3+ 8. bxc3 N@e4 9. c4 Nc6 10. Bd3 Ne7 11. d5 Nc5 
12. O-O Nxd3 13. cxd3 Nxd5 14. cxd5 Bxd5 15. B@e4 Bxe4 16. dxe4 B@b7 17. B@d5 
Bxd5 18. exd5 B@c4 19. B@e2 Bxd5 20. Qxd5 B@c6 21. Qb3 P@e4 22. Nd4 P@d3 
23. Nxc6 dxc6 24. Bg4 N@c5 25. Qc4 Bd6 26. B@h5 O-O 27. B@f5 P@g6 28. Bhxg6 
Kh8 29. Bxf7 b5 30. N@g6# 
{JKiller resigns} 1-0

[Event "fics rated crazyhouse match"]
[Site "fics, Oklahoma City, OK USA"]
[Date "2001.02.13"]
[White "LINDEGREN"]
[WhiteElo "2374"]
[Black "Thufir"]
[BlackElo "2323"]
[TimeControl "60+0"]
[Result "1-0"]

1. e4 e6 2. Nc3 Nc6 3. d4 Nf6 4. Nf3 Bb4 5. Bd3 d5 6. exd5 
exd5 7. Qe2+ P@e4 8. P@g5 Bg4 9. gxf6 Bxf3 10. gxf3 Qxf6 11. Bxe4 Bxc3+ 
12. bxc3 N@g2+ 13. Kd1 dxe4 14. Qxe4+ B@e6 15. N@g4 P@e2+ 16. Qxe2 Qf5 17. B@e4 
Qh5 18. P@h6 N@f4 19. hxg7 Kd7 20. Bxc6+ bxc6 21. Bxf4 Nxf4 22. N@c5+ Ke7 
23. B@f6+ Ke8 24. gxh8=Q# 
{Thufir resigns} 1-0

[Event "fics rated crazyhouse match"]
[Site "fics, Oklahoma City, OK USA"]
[Date "2001.02.13"]
[White "Thufir"]
[WhiteElo "2316"]
[Black "LINDEGREN"]
[BlackElo "2381"]
[TimeControl "60+0"]
[Result "0-1"]

1. e4 Nf6 2. Nc3 Nc6 3. d4 e6 4. e5 d5 5. exf6 gxf6 6. Be2 
Rg8 7. N@e3 P@e4 8. Bd2 Bh6 9. Nb5 a6 10. Nxc7+ Qxc7 11. Bc3 N@f4 
12. Bf1 Bd7 13. P@g3 Ng6 14. Ne2 Rc8 15. Nc1 Nge7 16. Be2 Bxe3 17. fxe3 
Nf5 18. B@f2 N@a4 19. Nb3 Nxc3 20. bxc3 B@b2 21. N@a4 Bxa1 22. Qxa1 Ncxd4 
23. exd4 Bxa4 24. B@c5 P@d6 25. Ba3 N@c4 26. N@g4 e3 27. Nxf6+ Kd8 28. Bxc4 
exf2+ 29. Kxf2 B@e3+ 30. Ke2 R@f2+ 31. Ke1 dxc4 32. P@d2 cxb3 33. dxe3 Rxc2 
34. P@e7+ Qxe7 35. Nxg8 N@d3+ 36. Kd1 Nxe3# 
{Thufir checkmated} 0-1

[Event "fics rated crazyhouse match"]
[Site "fics, Oklahoma City, OK USA"]
[Date "2000.02.14"]
[White "Ebenfelt"]
[WhiteElo "2242"]
[Black "XXNoWay"]
[BlackElo "2367"]
[TimeControl "60+0"]
[Result "1-0"]

1. e4 e6 2. Nc3 Nf6 3. Nf3 d5 4. e5 Ne4 5. d3 Nxc3 6. bxc3 
Nc6 7. Be2 d4 8. O-O dxc3 9. d4 P@b2 10. Rb1 bxc1=Q 11. Qxc1 Be7 
12. Qe3 B@g5 13. Qxc3 N@f4 14. Rfe1 Nxe2+ 15. Rxe2 B@d5 16. N@h5 Bxf3 17. Qxf3 
Nxd4 18. Nxg7+ Kf8 19. Qh5 Nxe2+ 20. Qxe2 N@f4 21. Qf3 P@b2 22. Nxe6+ Bxe6 
23. P@g7+ Kxg7 24. P@f6+ Bexf6 25. exf6+ Bxf6 26. P@h6+ Kg8 27. Qxf4 R@d1+ 28. B@f1 
N@e2+ 29. Kh1 Nxf4 30. P@g7 Rxf1+ 31. Rxf1 P@e2 32. gxh8=Q+ Bxh8 33. Rg1 P@d2 
34. R@g3+ P@g6 35. B@g7 e1=Q 36. R@f8+ Qxf8 37. N@f6# 
{XXNoWay checkmated} 1-0

[Event "fics rated crazyhouse match"]
[Site "fics, Oklahoma City, OK USA"]
[Date "2000.02.14"]
[White "XXNoWay"]
[WhiteElo "2356"]
[Black "Ebenfelt"]
[BlackElo "2253"]
[TimeControl "60+0"]
[Result "1-0"]

1. e4 e6 2. Nc3 Nf6 3. Nf3 d5 4. e5 Ne4 5. Be2 Bc5 6. O-O 
Nxf2 7. Rxf2 Bxf2+ 8. Kxf2 d4 9. Ne4 R@f4 10. B@g5 Rxe4 11. Bxd8 N@g4+ 
12. Kf1 Kxd8 13. d3 Ne3+ 14. Bxe3 Rxe3 15. N@g5 B@h5 16. N@f4 Rxf3+ 17. Bxf3 
N@e3+ 18. Kg1 P@f2+ 19. Kh1 Nxd1 20. Rxd1 B@e1 21. R@f1 Q@f5 22. Nxh5 Qxg5 
23. Nxg7 N@h4 24. B@f6+ Qxf6 25. exf6 B@d6 26. P@e7+ Bxe7 27. fxe7+ Kxe7 28. B@g5+ 
f6 29. Bxf6+ Kxf6 30. N@e4+ Ke7 31. Q@f6+ Kd7 32. Qxe6+ Kd8 33. P@e7# 
{Ebenfelt checkmated} 1-0

[Event "fics rated crazyhouse match"]
[Site "fics, Oklahoma City, OK USA"]
[Date "2000.02.14"]
[White "Ebenfelt"]
[WhiteElo "2247"]
[Black "XXNoWay"]
[BlackElo "2362"]
[TimeControl "60+0"]
[Result "1-0"]

1. e4 e5 2. Nc3 Nc6 3. Bc4 d6 4. Qh5 Nh6 5. d3 Bg4 6. Bxf7+ 
Nxf7 7. Qxg4 Be7 8. P@e6 O-O 9. exf7+ Rxf7 10. N@h6+ Kf8 11. Nxf7 Kxf7 
12. B@e6+ Ke8 13. R@g8+ B@f8 14. Qxg7 Qb8 15. P@d7+ Kd8 16. Rxf8# 
{XXNoWay resigns} 1-0

[Event "fics rated crazyhouse match"]
[Site "fics, Oklahoma City, OK USA"]
[Date "2000.02.14"]
[White "XXNoWay"]
[WhiteElo "2351"]
[Black "Ebenfelt"]
[BlackElo "2258"]
[TimeControl "60+0"]
[Result "1-0"]

1. e4 e5 2. Nc3 Bc5 3. Nf3 Nf6 4. Bc4 d6 5. d3 O-O 6. O-O 
Bg4 7. h3 Bxf3 8. Qxf3 Nc6 9. Bg5 Nd4 10. Qd1 N@g3 11. fxg3 Ne2+ 
12. Kh2 Nxg3 13. Kxg3 P@f4+ 14. Kh2 d5 15. Bxf6 Qxf6 16. Nxd5 B@g3+ 17. Kh1 
Qh4 18. N@f3 Qh5 19. N@f6+ gxf6 20. Nxf6+ Kg7 21. Nxh5+ Kh6 22. Q@g7+ Kxh5 
23. B@g4# 
{Ebenfelt checkmated} 1-0

[Event "fics rated crazyhouse match"]
[Site "fics, Oklahoma City, OK USA"]
[Date "2000.02.14"]
[White "Ebenfelt"]
[WhiteElo "2252"]
[Black "XXNoWay"]
[BlackElo "2357"]
[TimeControl "60+0"]
[Result "1-0"]

1. d4 d6 2. Nc3 Nf6 3. e4 Nc6 4. Nf3 Bg4 5. Be2 e6 6. d5 
Bxf3 7. Bxf3 Ne5 8. dxe6 fxe6 9. Bf4 Be7 10. Bxe5 dxe5 11. P@f7+ Kf8 
12. N@g5 B@c4 13. B@d3 P@h6 14. Bxc4 hxg5 15. Bxe6 N@d4 16. P@e3 Nxe6 17. B@d5 
Nc5 18. O-O B@d7 19. h3 N@h4 20. Kh1 Nxf3 21. Qxf3 g4 22. hxg4 Bxg4 
23. Qg3 P@g5 24. Qxe5 B@d6 25. Qd4 h5 26. f3 Bxf3 27. Rxf3 Ncxe4 28. N@g6# 
{XXNoWay checkmated} 1-0

[Event "fics rated crazyhouse match"]
[Site "fics, Oklahoma City, OK USA"]
[Date "2000.02.14"]
[White "XXNoWay"]
[WhiteElo "2347"]
[Black "Ebenfelt"]
[BlackElo "2262"]
[TimeControl "60+0"]
[Result "0-1"]

1. e4 e5 2. Nc3 Bc5 3. Bc4 Nf6 4. d3 O-O 5. Nf3 h6 6. O-O 
d6 7. h3 Be6 8. Nd5 Nc6 9. Nxf6+ Qxf6 10. Bxe6 fxe6 11. B@h4 Qf7 
12. N@g5 hxg5 13. Nxg5 Qg6 14. P@h7+ Kh8 15. Qg4 B@h5 16. Qxe6 Qxe6 17. Nxe6 
N@e2+ 18. Kh2 N@g6 19. Nxf8 Rxf8 20. R@g8+ Rxg8 21. hxg8=Q+ Kxg8 22. Q@e8+ R@f8 
23. P@f7+ Kh7 24. R@g5 Nxh4 25. Rxh5+ P@h6 26. B@g8+ Kh8 27. Qxf8 N@f3+ 28. gxf3 
Nxf3# 
{XXNoWay resigns} 0-1

[Event "fics rated crazyhouse match"]
[Site "fics, Oklahoma City, OK USA"]
[Date "2000.02.14"]
[White "Ebenfelt"]
[WhiteElo "2272"]
[Black "XXNoWay"]
[BlackElo "2337"]
[TimeControl "60+0"]
[Result "1-0"]

1. e4 e5 2. Nc3 Nc6 3. Bc4 Nf6 4. Nf3 Be7 5. Bxf7+ Kxf7 6. Ng5+ 
Kf8 7. O-O B@f4 8. d3 Bxc1 9. Rxc1 B@f4 10. B@d2 Bxg5 11. Bxg5 Nd4 
12. P@h6 gxh6 13. Bxh6+ P@g7 14. Bxg7+ Kxg7 15. P@g5 Rg8 16. B@h6+ Kh8 17. gxf6 
Bxf6 18. N@f7# 
{XXNoWay checkmated} 1-0

[Event "fics rated crazyhouse match"]
[Site "fics, Oklahoma City, OK USA"]
[Date "2000.02.14"]
[White "XXNoWay"]
[WhiteElo "2328"]
[Black "Ebenfelt"]
[BlackElo "2281"]
[TimeControl "60+0"]
[Result "1-0"]

1. e4 e5 2. Nc3 Bc5 3. Bc4 Qh4 4. Qe2 Nf6 5. d3 Qxf2+ 6. Kd1 
d6 7. Bg5 Bg4 8. Nf3 Qxe2+ 9. Nxe2 Bxf3 10. gxf3 N@f2+ 11. Kc1 Nxh1 
12. Bxf7+ Kxf7 13. P@e6+ Ke8 14. Q@f7+ Kd8 15. Bxf6+ gxf6 16. e7+ Kc8 17. e8=Q+ 
R@d8 18. N@e7# 
{Ebenfelt checkmated} 1-0